 Dungeon Crawl Stone Soup version 0.26.1-11-gd32895ea62 (webtiles) character file.

Game seed: 717493069467370623

375 phalm the Conjurer (level 6, -2/44 HPs)
             Began as a Gnoll Conjurer on June 7, 2021.
             Slain by a river rat (3 damage)
             ... on level 3 of the Dungeon.
             The game lasted 00:06:23 (3271 turns).

phalm the Conjurer (Gnoll Conjurer)                 Turns: 3271, Time: 00:06:23

Health: -2/44      AC:  2    Str:  9    XL:     6   Next: 73%
Magic:  0/14       EV: 15    Int: 22    God:
Gold:   187        SH:  0    Dex: 14    Spells: 4/15 levels left

rFire    . . .     SeeInvis .   r - +2 dagger (speed)
rCold    . . .     Faith    .   (no shield)
rNeg     . . .     Spirit   .   a - +0 robe
rPois    .         Reflect  .   (no helmet)
rElec    .         Harm     .   (no cloak)
rCorr    .         Rampage  .   (no gloves)
Will     .....                  (no boots)
Stlth    +++.......             l - amulet of inaccuracy (curse)
HPRegen  0.14/turn              (no ring)
MPRegen  0.14/turn              (no ring)

@: lethally poisoned (-2 -> -2), attractive, flying
A: distributed training, fangs 1, strong nose
a: no special abilities


You were on level 3 of the Dungeon.
You visited 1 branch of the dungeon, and saw 3 of its levels.

You collected 187 gold pieces.


Innate Abilities, Weirdness & Mutations

Your experience applies equally to all skills.
You have very sharp teeth.
Your uncanny sense of smell can sniff out nearby items.


   Skills:
 + Level 2.1 Fighting
 + Level 2.1 Short Blades
 + Level 2.1 Long Blades
 + Level 2.1 Axes
 + Level 2.1 Maces & Flails
 + Level 2.1 Polearms
 + Level 2.1 Staves
 + Level 2.1 Slings
 + Level 2.1 Bows
 + Level 2.1 Crossbows
 + Level 2.1 Throwing
 + Level 2.1 Armour
 + Level 5.0 Dodging
 + Level 4.6 Stealth
 + Level 2.1 Shields
 + Level 2.1 Unarmed Combat
 + Level 5.4 Spellcasting
 + Level 7.3 Conjurations
 + Level 1.6 Hexes
 + Level 1.6 Summonings
 + Level 1.6 Necromancy
 + Level 1.6 Translocations
 + Level 1.6 Transmutations
 + Level 1.6 Fire Magic
 + Level 1.6 Ice Magic
 + Level 1.6 Air Magic
 + Level 1.6 Earth Magic
 + Level 1.6 Poison Magic
 + Level 2.3 Invocations
 + Level 2.1 Evocations


You had 4 spell levels left.
You knew the following spells:

 Your Spells              Type           Power        Failure   Level
f - Fulminant Prism       Conj/Hex       12%          16%         4
m - Magic Dart            Conj           100%         1%          1
s - Searing Ray           Conj           76%          1%          2
X - Iskenderun's Mystic   Conj/Tloc      25%          16%         4

Your spell library contained the following spells:

 Spells                   Type           Power        Failure   Level
 Dazzling Flash           Conj/Hex       50%          4%          3
 Confusing Touch          Hex            13%          14%         3
 Gell's Gravitas          Tloc           6%           14%         3
 Petrify                  Tmut/Erth      13%          43%         4
 Metabolic Englaciation   Hex/Ice        6%           80%         5
 Yara's Violent Unravell  Hex/Tmut       6%           80%         5

Inventory:

Hand Weapons
 d - a +0 dagger
   (You took it off a kobold on level 1 of the Dungeon)
 r - a +2 dagger of speed (weapon)
   (You took it off an orc priest on level 3 of the Dungeon)
Missiles
 m - 15 sling bullets
Armour
 a - a +0 robe (worn)
 i - a cursed +0 leather armour
   (You found it on level 1 of the Dungeon)
Jewellery
 c - an uncursed amulet of reflection
   (You found it on level 1 of the Dungeon)
 l - a cursed amulet of inaccuracy (around neck)
   (You found it on level 1 of the Dungeon)
Scrolls
 e - 2 scrolls of teleportation {@r4}
 f - a scroll of identify {@r1}
 k - a scroll of fear
 o - 2 scrolls of fog
 p - a scroll of blinking {!r}
Potions
 b - a potion of ambrosia {unknown}
 g - a potion of flight
 h - a potion of curing {unknown}
 j - a potion of attraction {!q}
 n - a potion of lignification {unknown}
 q - 2 potions of heal wounds {unknown}

Dungeon Overview and Level Annotations

Branches:
Dungeon (3/15)

Altars:
Gozag
The Shining One

#..############....##
####..# #.......#
......###### #.......#
#######≈≈... #.......#
#≈≈≈.. ###....## #≈#...#
#....# #≈≈≈... ##....#####
#≈#≈... ##.#.#.....######
#≈≈≈≈..###@##.#........†)#
#≈..)....r...........)<#
#≈........#.##.##.####.#
#...#####.#.#..##?# #.##
### #... .....#.##.# ##...
#.# ..## .#.##.##.# #....
#.# .. .#.###.##......$$
#.# . # #####..$_ ..# ∆
##.$$


You could see a river rat.


Message History

You hit the adder but do no damage. The adder bites you.
You are poisoned.
The adder poisons you! 😕 HP[-1]
You take 1 damage, and now have 37/44 hp.
Casting: Searing Ray (safe; 1% risk of failure)
Confirm with . or Enter, or press ? or * to list all spells.
Aiming: Searing Ray (safe; 1% risk of failure)
Press: ? - help, Shift-Dir - straight line, f - frilled lizard
Aim: a frilled lizard (47% to evade)
The searing ray misses the adder.
The searing ray hits the frilled lizard!
You kill the frilled lizard! (Press . to maintain the ray.)
You feel sick.
The adder bites you but does no damage. 😕 HP[-1] MP[-2]
You take 1 damage, and now have 36/44 hp.
You lost 2 mp, and now have 1/14 mp.
The searing ray hits the adder!
You kill the adder! 😕 MP[-1]
You lost 1 mp, and now have 0/14 mp.
You hit the river rat.
You kill the river rat!
You feel sick. 😕 HP[-1]
You take 1 damage, and now have 35/44 hp.
The river rat misses you.
Things that are here:
a +0 dagger; a river rat corpse You closely miss the river rat.
The river rat bites you. 😮 HP[-5]
You take 5 damage, and now have 30/44 hp.
You miss the river rat. 😮 MP[+1]
You barely miss the river rat.
You bite the river rat, but do no damage.
You feel sick. The river rat bites you. 😮 HP[-2]
You take 2 damage, and now have 28/44 hp.
You closely miss the river rat. The river rat misses you. 😮 HP[+1]
You closely miss the river rat.
Aiming: Magic Dart (safe; 1% risk of failure)
Press: ? - help, Q - select action, (/) - cycle Shift-Dir - straight line, f - river rat
Aim: a river rat (0% to evade)
The magic dart hits the river rat!
The river rat bites you. 😮 HP[-4] MP[-1]
You take 4 damage, and now have 25/44 hp.
You lost 1 mp, and now have 0/14 mp.
You miss the river rat. Your bite misses the river rat.
You feel sick.
The river rat closely misses you. 😮 HP[-1]
You take 1 damage, and now have 24/44 hp.
You barely miss the river rat. You closely miss the river rat.
Your bite misses the river rat. The river rat bites you.
* * * LOW HITPOINT WARNING * * *
😨 HP[-3]
You take 3 damage, and now have 21/44 hp.
You barely miss the river rat. The river rat misses you.
You barely miss the river rat.
You bite the river rat, but do no damage.
You hit the river rat but do no damage. The river rat closely misses you.
You miss the river rat. 😨 MP[+1]
You miss the river rat.
You feel sick. The river rat bites you!
* * * LOW HITPOINT WARNING * * *
😨 HP[-9]
You take 9 damage, and now have 12/44 hp.
MASSIVE DAMAGE!! (PAUSE)
Aiming: Magic Dart (safe; 1% risk of failure)
Press: ? - help, Q - select action, (/) - cycle Shift-Dir - straight line, f/p - river rat
Aim: a river rat (severely wounded, 0% to evade)
The magic dart hits the river rat.
The river rat closely misses you. 😨 HP[+1] MP[-1]
You lost 1 mp, and now have 0/14 mp.
You hit the river rat but do no damage. The river rat misses you.
You miss the river rat. You barely miss the river rat.
The river rat barely misses you.
You hit the river rat but do no damage. You miss the river rat.
You feel sick. The river rat bites you!
* * * LOW HITPOINT WARNING * * *
😱 HP[-9]
You take 9 damage, and now have 4/44 hp.
MASSIVE DAMAGE!! (PAUSE)
You hit the river rat but do no damage. The river rat bites you.
* * * LOW HITPOINT WARNING * * *
😱 HP[-3]
You take 3 damage, and now have 1/44 hp.
You aren't carrying any items that you can evoke.
It was a potion of flight.
You feel very buoyant.
You fly up into the air.
The river rat barely misses you.
It was a potion of attraction.
You feel attractive to monsters. The river rat bites you.
You die...

Skill      XL: |  1  2  3  4  5  6 |
---------------+-------------------+-----
Spellcasting   | 5 |  5.4
Invocations    | 1 2 |  2.3
Fighting       | 1 2 |  2.1
Short Blades   | 1 2 |  2.1
Long Blades    | 1 2 |  2.1
Axes           | 1 2 |  2.1
Maces & Flails | 1 2 |  2.1
Polearms       | 1 2 |  2.1
Staves         | 1 2 |  2.1
Slings         | 1 2 |  2.1
Bows           | 1 2 |  2.1
Crossbows      | 1 2 |  2.1
Throwing       | 1 2 |  2.1
Armour         | 1 2 |  2.1
Shields        | 1 2 |  2.1
Unarmed Combat | 1 2 |  2.1
Evocations     | 1 2 |  2.1
Hexes          | 1 |  1.6
Summonings     | 1 |  1.6
Necromancy     | 1 |  1.6
Translocations | 1 |  1.6
Transmutations | 1 |  1.6
Fire Magic     | 1 |  1.6
Ice Magic      | 1 |  1.6
Air Magic      | 1 |  1.6
Earth Magic    | 1 |  1.6
Poison Magic   | 1 |  1.6
Dodging        | 5 |  5.0
Stealth        | |  4.6
Conjurations   | |  7.3

Action                   |  1- 3 |  4- 6 || total
-------------------------+-------+-------++-------
Melee: Dagger            |       |    85 ||    85
       Bite              |       |     7 ||     7
       Punch             |       |     1 ||     1
 Cast: Magic Dart        |    53 |    56 ||   109
       Searing Ray       |     5 |    19 ||    24
  Use: Scroll            |     2 |     2 ||     4
       Potion            |       |     2 ||     2
 Stab: Sleeping          |       |     2 ||     2
Armor: Robe              |       |    15 ||    15
Dodge: Dodged            |     9 |    76 ||    85

Levels and vault maps discovered:
D:1:      lemuel_arrival_rhombus, layout_loops_ring, serial_aquarium,
          aquarium_bridge_square [aquarium_subvault_wall,
          aquarium_subvault_bridge, aquarium_subvault_window,
          aquarium_subvault_bridge], aquarium_window_1,
          aquarium_window_corridor_2, aquarium_view_2b, aquarium_view_2e,
          aquarium_balcony_5b, aquarium_pool_side
D:2:      layout_loops_ring, nicolae_overflow_hidden_temple
D:3:      layout_loops_ring, lightli_sewer_entry_pipes,
          nicolae_gozag_seed_capital

Notes
Turn   | Place    | Note
-------+----------+-------------------------------------------
     0 | D:1      | phalm the Gnoll Conjurer began the quest for the Orb.
     0 | D:1      | Reached XP level 1. HP: 13/13 MP: 6/6
     0 | D:1      | magus.rc [v1.9.10]
   126 | D:1      | Reached XP level 2. HP: 19/19 MP: 5/7
   264 | D:1      | Learned a level 2 spell: Searing Ray
   535 | D:1      | Reached XP level 3. HP: 25/25 MP: 1/9
   709 | D:1      | Reached skill level 5 in Spellcasting
  1262 | D:2      | Reached skill level 1 in Invocations
  1382 | D:2      | Reached skill level 1 in Fighting
  1382 | D:2      | Reached skill level 1 in Short Blades
  1382 | D:2      | Reached skill level 1 in Long Blades
  1382 | D:2      | Reached skill level 1 in Axes
  1382 | D:2      | Reached skill level 1 in Maces & Flails
  1382 | D:2      | Reached skill level 1 in Polearms
  1382 | D:2      | Reached skill level 1 in Staves
  1382 | D:2      | Reached skill level 1 in Slings
  1382 | D:2      | Reached skill level 1 in Bows
  1382 | D:2      | Reached skill level 1 in Crossbows
  1382 | D:2      | Reached skill level 1 in Throwing
  1382 | D:2      | Reached skill level 1 in Armour
  1382 | D:2      | Reached skill level 1 in Shields
  1382 | D:2      | Reached skill level 1 in Unarmed Combat
  1382 | D:2      | Reached skill level 1 in Evocations
  1467 | D:2      | Reached XP level 4. HP: 32/32 MP: 1/11
  1472 | D:2      | Learned a level 4 spell: Fulminant Prism
  1477 | D:2      | Learned a level 4 spell: Iskenderun's Mystic Blast
  1559 | D:2      | Found a glowing golden altar of the Shining One.
  1771 | D:2      | Reached skill level 1 in Hexes
  1771 | D:2      | Reached skill level 1 in Summonings
  1771 | D:2      | Reached skill level 1 in Necromancy
  1771 | D:2      | Reached skill level 1 in Translocations
  1771 | D:2      | Reached skill level 1 in Transmutations
  1771 | D:2      | Reached skill level 1 in Fire Magic
  1771 | D:2      | Reached skill level 1 in Ice Magic
  1771 | D:2      | Reached skill level 1 in Air Magic
  1771 | D:2      | Reached skill level 1 in Earth Magic
  1771 | D:2      | Reached skill level 1 in Poison Magic
  2060 | D:2      | You pick up a book of Misfortune and begin reading...
  2060 | D:2      | You add the spells Confusing Touch, Gell's Gravitas,
                  | Petrify, Metabolic Englaciation and Yara's Violent
                  | Unravelling to your library.
  2085 | D:2      | Reached XP level 5. HP: 25/37 MP: 2/12
  2125 | D:2      | HP: 9/37 [gnoll/+0 flail (11)]
  2925 | D:3      | Noticed a phantom
  2942 | D:3      | Killed a phantom
  2943 | D:3      | Reached skill level 2 in Invocations
  2943 | D:3      | Reached XP level 6. HP: 40/44 MP: 0/14
  2989 | D:3      | Found an opulent altar of Gozag.
  3010 | D:3      | Reached skill level 2 in Fighting
  3010 | D:3      | Reached skill level 2 in Short Blades
  3010 | D:3      | Reached skill level 2 in Long Blades
  3010 | D:3      | Reached skill level 2 in Axes
  3010 | D:3      | Reached skill level 2 in Maces & Flails
  3010 | D:3      | Reached skill level 2 in Polearms
  3010 | D:3      | Reached skill level 2 in Staves
  3010 | D:3      | Reached skill level 2 in Slings
  3010 | D:3      | Reached skill level 2 in Bows
  3010 | D:3      | Reached skill level 2 in Crossbows
  3010 | D:3      | Reached skill level 2 in Throwing
  3010 | D:3      | Reached skill level 2 in Armour
  3010 | D:3      | Reached skill level 5 in Dodging
  3010 | D:3      | Reached skill level 2 in Shields
  3010 | D:3      | Reached skill level 2 in Unarmed Combat
  3010 | D:3      | Reached skill level 2 in Evocations
  3268 | D:3      | HP: 4/44 [river rat (8)]
  3269 | D:3      | HP: 1/44 [river rat (3)]
  3271 | D:3      | Slain by a river rat

Vanquished Creatures
  A phantom (D:3)
  A gnoll shaman (D:2)
  An orc priest (D:3)
  5 gnolls (D:2)
  7 adders
  2 river rats (D:3)
  An ooze (D:2)
  5 worms
  4 dart slugs
  3 leopard geckos
  3 orcs (D:3)
  2 ball pythons
  A giant cockroach (D:2)
  5 goblins
  10 hobgoblins
  2 jackals (D:2)
  10 kobolds
  A quokka (D:2)
  9 bats
  4 frilled lizards
  6 rats
83 creatures vanquished.

Table legend:
 A = Non-vault XP
 B = Vault XP
 C = Vault XP percentage of total XP
 D = Non-vault monster count
 E = Vault monster count
 F = Vault count percentage of total count
                 A         B        C        D         E       F
            +---------+---------+-------+---------+---------+-------
      Total |     479 |      58 |  10.8 |      77 |       6 |   7.2
            +---------+---------+-------+---------+---------+-------
        D:1 |      52 |       0 |   0.0 |      27 |       0 |   0.0
        D:2 |     230 |       0 |   0.0 |      33 |       0 |   0.0
        D:3 |     197 |      58 |  22.7 |      17 |       6 |  26.1
            +---------+---------+-------+---------+---------+-------

Illustrated notes

Table legend:
 A = Kills in this place as a percentage of kills in entire the game.
 B = Kills by you in this place as a percentage of kills by you in the entire game.
 C = Kills by friends in this place as a percentage of kills by friends in the entire game.
 D = Other kills in this place as a percentage of other kills in the entire game.
 E = Experience gained in this place as a percentage of experience gained in the entire game.
 F = Experience gained in this place divided by the number of levels of this place that you have seen.
                   A       B       C       D       E      F
               +-------+-------+-------+-------+-------+----------------------
         Total | 100.0 | 100.0 |   N/A |   N/A | 100.0 | 179.0
       Dungeon | 100.0 | 100.0 |   N/A |   N/A | 100.0 | 179.0
               +-------+-------+-------+-------+-------+----------------------

Table legend: (Time is in decaauts)
 A = Elapsed time spent in this place.
 B = Non-inter-level travel time spent in this place.
 C = Inter-level travel time spent in this place.
 D = Time resting spent in this place.
 E = Time spent auto-exploring this place.
 F = Levels seen in this place.
 G = Mean time per level.
                   A        B        C        D        E       F      G
               +--------+--------+--------+--------+--------+-----+--------+
         Total |   3248 |   3191 |     57 |      0 |   2556 |   3 | 1082.7 |
       Dungeon |   3248 |   3191 |     57 |      0 |   2556 |   3 | 1082.7 |
               +--------+--------+--------+--------+--------+-----+--------+

Top non-repeatable levels by time:
     D:1: 1566 daAuts
     D:2: 1283 daAuts
     D:3: 398 daAuts
